Map: [ESL] Royal Blood

Players

Lambo

  • Race: Zerg Zerg
  • Spawn Location: 1:00

Dark - Winner!

  • Race: Zerg Zerg
  • Spawn Location: 7:00

Event: ESL SC2 Masters 2023 Summer (Finals)

VOD

Have the link to the VOD?

Description

Time

  • Played on: June 17, 2023, 12:36 p.m.
  • Length: 11:19

All games in this series

Show
View Real Time Build Order
Export as new Build Order

Lambo Zerg 

Build Orders: Hatch First, Zergling Baneling 

Get SALT Encoding   

  12  0:00  Drone  
  13  0:13  Overlord  
  13  0:17  Drone  
  14  0:31  Drone x2  
  16  0:47  Hatchery  
  15  0:51  Drone  
  15  0:54  Drone  
  17  1:08  Spawning Pool  
  16  1:11  Extractor  
  16  1:13  Drone  
  16  1:16  Drone  
  17  1:20  Drone  
  18  1:28  Drone  
  19  1:39  Drone  
  20  1:50  Drone  
  21  1:58  Queen x2  
  21  1:59  Zergling x2  
  21  2:00  Overlord  
  26  2:10  Drone, Metabolic Boost  
  26  2:12  Drone  
  28  2:20  Drone  
  28  2:22  Zergling x2  
  30  2:33  Drone x2  
  32  2:38  Hatchery  
  32  2:44  Drone  
  32  2:49  Baneling Nest  
  32  2:51  Overlord  
  31  2:56  Drone x2  
  33  3:04  Drone  
  34  3:07  Zergling x2  
  36  3:12  Zergling x2  
  36  3:13  Zergling x2  
  36  3:14  Drone x2  
  36  3:15  Drone  
  36  3:16  Drone x2  
  36  3:18  Drone  
  43  3:28  Overlord  
  43  3:29  Drone  
  43  3:33  Baneling  
  44  3:46  Queen, Overlord  
  44  3:48  Drone x5  
  50  3:52  Extractor  
  50  3:55  Roach Warren  
  48  3:56  Drone  
  48  3:59  Overlord  
  48  4:00  Drone  
  50  4:04  Extractor  
  50  4:05  Baneling  
  50  4:07  Zergling x6  
  50  4:09  Zergling x2  
  53  4:11  Baneling  
  53  4:14  Zergling x2  
  53  4:15  Zergling x4  
  56  4:19  Zergling x2  
  56  4:20  Zergling x8  
  56  4:21  Baneling x2  
  56  4:22  Zergling x2  
  60  4:25  Zergling x2  
  60  4:29  Zergling x2  
  60  4:30  Baneling x2  
  56  4:34  Baneling  
  56  4:38  Zergling x4  
  57  4:43  Zergling x4  
  57  4:44  Baneling x2  
  55  4:49  Zergling x2  
  55  4:56  Drone x3  
  55  4:58  Queen x2  
  60  5:01  Drone  
  60  5:05  Drone  
  62  5:11  Drone x2  
  62  5:15  Lair  
  62  5:19  Evolution Chamber  
  62  5:20  Drone x2  
  63  5:24  Drone x2  
  65  5:29  Drone x3  
  65  5:30  Drone  
  65  5:35  Drone  
  70  5:37  Drone  
  70  5:40  Drone  
  70  5:42  Spine Crawler  
  71  5:45  Roach  
  71  5:47  Zerg Missile Weapons Level 1  
  73  5:51  Overlord  
  73  5:55  Spine Crawler x2  
  73  5:56  Roach  
  73  5:57  Overlord  
  73  5:58  Overlord  
  73  6:00  Overlord  
  73  6:02  Spine Crawler  
  74  6:04  Roach  
  74  6:08  Overlord  
  73  6:16  Roach x9  
  94  6:26  Glial Reconstitution  
  94  6:27  Extractor  
  94  6:31  Drone x4  
  90  6:37  Drone x3  
  89  6:41  Drone x5  
  94  6:49  Drone x2  
  94  6:51  Extractor  
  94  6:52  Extractor  
  94  6:53  Drone  
  95  6:55  Drone x3  
  95  6:56  Drone  
  95  7:00  Drone x4  
  102  7:01  Queen  
  102  7:04  Drone  
  102  7:06  Spire  
  104  7:09  Roach  
  104  7:11  Drone  
  107  7:16  Roach  
  107  7:22  Overlord  
  109  7:23  Hatchery  
  109  7:25  Roach x3  
  109  7:27  Overlord  
  109  7:28  Overlord  
  109  7:29  Overlord  
  114  7:32  Overlord  
  114  7:35  Overlord  
  114  7:40  Zerg Missile Weapons Level 2  
  114  7:45  Drone x2  
  114  7:47  Drone  
  114  7:49  Roach x4  
  114  7:50  Evolution Chamber  
  124  7:52  Overlord  
  124  7:56  Roach x4  
  131  8:06  Overlord  
  131  8:09  Overlord  
  131  8:12  Drone x2  
  133  8:23  Drone  
  133  8:25  Hydralisk Den  
  132  8:27  Mutalisk x8  
  132  8:34  Drone x2  
  150  8:35  Queen  
  152  8:48  Roach x8  
  167  8:50  Overlord  
  167  8:55  Muscular Augments  
  167  8:56  Spore Crawler  
  167  8:57  Spore Crawler  
  159  9:03  Hydralisk x2, Spore Crawler  
  159  9:04  Spore Crawler  
  159  9:07  Hydralisk x2  
  159  9:09  Hydralisk  
  164  9:19  Hydralisk x4  
  167  9:28  Hydralisk x3  
  170  9:33  Roach x4  
  167  9:39  Roach x2  
  167  9:44  Hydralisk  
  171  9:47  Hydralisk  
  171  9:52  Hydralisk  
  161  9:53  Hydralisk  
  161  9:56  Hydralisk  
  165  10:01  Hydralisk  
  165  10:04  Drone  
  165  10:06  Roach x2  
  172  10:08  Hydralisk  
  172  10:12  Hydralisk  
  176  10:15  Queen  
  176  10:17  Hydralisk  
  176  10:18  Overlord  
  180  10:21  Hydralisk  
  182  10:29  Hydralisk  
  184  10:36  Hydralisk x5  
  184  10:39  Overlord  
Show
View Real Time Build Order
Export as new Build Order

Dark Zerg - Winner!

Build Orders: Hatch First, Zergling Baneling 

Get SALT Encoding   

  12  0:00  Drone  
  13  0:12  Overlord  
  13  0:16  Drone  
  14  0:30  Drone x2  
  16  0:47  Hatchery  
  15  0:50  Drone  
  15  0:53  Drone  
  15  0:56  Drone  
  18  1:07  Extractor  
  17  1:12  Spawning Pool  
  17  1:15  Drone  
  17  1:18  Drone  
  18  1:28  Drone  
  19  1:38  Drone  
  20  1:49  Drone  
  21  1:59  Queen x2  
  21  2:00  Drone, Zergling x2  
  27  2:11  Overlord, Drone  
  27  2:12  Metabolic Boost  
  29  2:30  Drone, Zergling x2  
  29  2:33  Drone  
  29  2:35  Drone  
  32  2:38  Hatchery  
  31  2:44  Queen  
  33  2:52  Baneling Nest  
  33  2:56  Overlord  
  33  2:57  Drone  
  33  3:00  Drone  
  33  3:02  Drone  
  35  3:06  Drone  
  36  3:14  Drone x2  
  36  3:15  Drone x2  
  36  3:19  Overlord  
  40  3:21  Zergling x2  
  40  3:24  Zergling x2  
  40  3:26  Zergling x2  
  43  3:28  Zergling x2  
  44  3:39  Drone x2  
  46  3:43  Drone x2  
  46  3:44  Drone  
  46  3:46  Zergling x6  
  52  3:50  Overlord, Baneling x2  
  52  3:53  Zergling x4  
  54  4:00  Zergling x2, Roach Warren  
  54  4:01  Baneling  
  54  4:03  Baneling  
  54  4:07  Extractor  
  54  4:08  Zergling x6  
  56  4:10  Drone  
  56  4:11  Baneling  
  56  4:12  Baneling  
  56  4:14  Drone  
  58  4:22  Drone x2  
  59  4:29  Drone x2  
  58  4:34  Drone  
  58  4:35  Drone x2  
  58  4:37  Drone x2  
  61  4:38  Zergling x2  
  61  4:39  Zergling x6, Baneling  
  61  4:42  Zergling x2  
  64  4:46  Evolution Chamber  
  64  4:51  Zergling x4  
  64  4:56  Zergling x4  
  64  4:59  Baneling x2  
  63  5:00  Zergling x2  
  63  5:05  Overlord  
  64  5:08  Roach  
  64  5:11  Overlord  
  64  5:13  Overlord  
  63  5:14  Roach  
  63  5:18  Baneling x2  
  63  5:21  Overlord x2  
  65  5:22  Zerg Missile Weapons Level 1  
  65  5:23  Overlord  
  65  5:24  Extractor, Roach  
  65  5:25  Roach x3  
  71  5:29  Drone x2  
  72  5:39  Roach x2  
  72  5:40  Drone  
  72  5:42  Drone x2  
  79  5:44  Drone x3  
  79  5:45  Lair  
  79  5:46  Drone x2  
  79  5:48  Drone  
  85  5:55  Drone x4  
  89  6:01  Overlord  
  89  6:02  Overlord  
  89  6:08  Roach  
  89  6:10  Drone  
  91  6:12  Drone x2  
  91  6:13  Drone  
  91  6:18  Extractor x2  
  93  6:21  Baneling x2  
  93  6:22  Roach x3  
  93  6:23  Roach x4  
  106  6:28  Overlord  
  106  6:31  Roach  
  107  6:38  Roach  
  107  6:39  Roach  
  108  6:45  Extractor, Glial Reconstitution  
  108  6:46  Roach x2  
  108  6:47  Roach, Drone x2  
  111  6:48  Drone x3  
  111  6:49  Roach  
  111  6:52  Roach  
  120  6:55  Spine Crawler  
  120  6:58  Roach  
  122  7:04  Drone x2  
  122  7:08  Spire  
  123  7:12  Roach x3  
  129  7:16  Roach x3, Hatchery  
  129  7:18  Overseer  
  134  7:24  Overlord x3  
  134  7:25  Overlord x2  
  134  7:41  Drone x2  
  134  7:42  Drone x2  
  134  7:43  Overlord  
  138  7:47  Drone  
  138  7:48  Drone x2  
  141  7:52  Drone  
  141  7:58  Overlord  
  142  8:00  Drone  
  142  8:03  Extractor  
  142  8:04  Extractor  
  141  8:11  Overlord  
  141  8:17  Drone  
  141  8:19  Mutalisk x10  
  153  8:24  Roach x2  
  153  8:25  Zergling x6  
  168  8:29  Mutalisk  
  170  8:35  Zerg Flyer Weapons Level 1  
  170  8:37  Zergling x12  
  175  8:42  Mutalisk  
  175  8:47  Mutalisk  
  179  8:49  Zergling x14  
  179  8:51  Hatchery  
  184  8:56  Overseer  
  184  8:59  Mutalisk x2  
  184  9:09  Hatchery  
  183  9:13  Centrifugal Hooks  
  183  9:14  Zerg Melee Weapons Level 1  
  179  9:25  Drone x2  
  179  9:26  Drone x2  
  179  9:27  Drone  
  179  9:31  Drone  
  171  9:35  Mutalisk x3  
  171  9:36  Mutalisk x2  
  171  9:38  Drone x5  
  181  9:47  Drone x2  
  181  9:48  Zergling x12  
  181  9:52  Drone x3  
  189  9:55  Zergling x4  
  189  9:59  Zergling x2  
  193  10:00  Zergling x2  
  193  10:04  Zergling x8  
  197  10:09  Zergling x6  
  200  10:15  Baneling x11  
  200  10:17  Baneling x3  
  200  10:18  Baneling  
  200  10:25  Baneling x5  
  200  10:26  Baneling x9  
  200  10:31  Baneling x6  
  200  10:38  Overseer  
Tags
 
Add a new tag
Caveats
  • Supply blocks, unpowered buildings, or Contaminate may cause inaccurate times.
  • Supply counts are checked every 10 seconds.